 Dungeon Crawl Stone Soup version 0.26-a0-599-gc8f6553d2c (webtiles) character file.

Game seed: 6588946373436712940

104 Hores the Digger (level 4, -1/24 HPs)
             Began as a Gargoyle Earth Elementalist on Aug 29, 2020.
             Slain by a gnoll (7 damage)
             ... on level 3 of the Dungeon.
             The game lasted 00:05:35 (3217 turns).

Hores the Digger (Gargoyle Earth Elementalist)      Turns: 3217, Time: 00:05:35

Health: -1/24      AC:  5    Str: 11    XL:     4   Next: 80%
Magic:  1/8        EV: 12    Int: 17    God:
Gold:   80         SH:  0    Dex: 10    Spells: 5/9 levels left

rFire    . . .     SeeInvis .   d - +0 dagger
rCold    . . .     Faith    .   (no shield)
rNeg     + . .     Spirit   .   c - +0 robe
rPois    ∞         Reflect  .   (no helmet)
rElec    +         Harm     .   (no cloak)
rCorr    .                      (no gloves)
MR       .....                  (no boots)
Stlth    ++........             (no amulet)
HPRegen  0.08/turn              h - ring of wizardry
MPRegen  0.11/turn              (no ring)

@: no status effects
A: negative energy resistance 1, electricity resistance, unbreathing,
petrification resistance, rot immunity, AC +3
a: no special abilities


You were on level 3 of the Dungeon.
You visited 1 branch of the dungeon, and saw 3 of its levels.

You collected 80 gold pieces.

Inventory:

Hand Weapons
 d - a +0 dagger (weapon)
 j - a +0 flail
Missiles
 b - 21 stones (quivered)
Armour
 c - a +0 robe (worn)
Jewellery
 h - a ring of wizardry (left hand)
Wands
 k - a wand of paralysis (12)
Scrolls
 g - a scroll of fear
Potions
 a - a potion of berserk rage
 e - a potion of curing
 f - a potion of lignification
 l - a potion of heal wounds


   Skills:
 - Level 1.5 Dodging
 - Level 2.1 Stealth
 + Level 3.2 Spellcasting
 + Level 1.5 Conjurations
   Level 0.7 Transmutations
 + Level 5.0 Earth Magic


You had 5 spell levels left.
You knew the following spells:

 Your Spells              Type           Power        Failure   Level
a - Sandblast             Erth           ###...       1%          1
b - Stone Arrow           Conj/Erth      ##....       5%          3

Your spell library contained the following spells:

 Spells                   Type           Power        Failure   Level
 Passwall                 Tmut/Erth      ##......     3%          2
 Petrify                  Tmut/Erth      ##......     21%         4
 Lee's Rapid Deconstruct  Erth           ###.......   24%         5


Dungeon Overview and Level Annotations

Branches:
Dungeon (3/15)

Altars:
Ashenzari
Makhleb
Wu Jian
Xom


Innate Abilities, Weirdness & Mutations

You are resistant to torment.
Your stone body is resilient. (AC +3)
You are immune to poison.
You resist negative energy. (rN+)
You are resistant to electric shocks. (rElec)
You can survive without breathing.
You are immune to petrification.
You are immune to rotting.


Message History

The gnoll barely misses you.
You hit the gnoll but do no damage.
The gnoll is heavily wounded.
The gnoll hits you.
You are too injured to fight recklessly!
You are too injured to fight recklessly!
You are too injured to fight recklessly!
You are too injured to fight recklessly!
You are too injured to fight recklessly!
You hit the gnoll.
The gnoll is severely wounded.
The gnoll hits you.
* * * LOW HITPOINT WARNING * * *
You hit the gnoll but do no damage.
The gnoll is severely wounded.
The gnoll completely misses you.
You hit the gnoll.
The gnoll is severely wounded.
The gnoll hits you!
You die...

#.# #.# # ### ######.#
.. ..# #....#.# ##.
#.######....#.#### ....
#...........'..... .....
#.. ##.....#.....
......#.+####.....#.†...
.._...g@.(.##.....#.....
......#........####.....
..... #........# #.....
.... #........# #.....
##. #........# #..... ..
...#+###+## #..... .
##### #..... #.....
.......


You could see a gnoll.

Vanquished Creatures
  3 adders (D:2)
  3 gnolls
  An ooze (D:1)
  A worm (D:2)
  2 leopard geckos (D:1)
  2 ball pythons (D:2)
  6 bats
  6 giant cockroaches
  5 goblins
  A hobgoblin (D:1)
  A quokka (D:2)
  2 frilled lizards
  4 kobolds
  2 rats (D:1)
39 creatures vanquished.

Notes
Turn   | Place    | Note
-------+----------+-------------------------------------------
     0 | D:1      | Hores the Gargoyle Earth Elementalist began the quest for
                  | the Orb.
     0 | D:1      | Reached XP level 1. HP: 10/10 MP: 3/3
   282 | D:1      | Reached skill level 4 in Earth Magic
   282 | D:1      | Reached XP level 2. HP: 15/15 MP: 1/5
   846 | D:1      | Reached XP level 3. HP: 17/19 MP: 4/7
  1386 | D:2      | Learned a level 3 spell: Stone Arrow
  1973 | D:2      | Found a shattered altar of Ashenzari.
  2008 | D:2      | Reached XP level 4. HP: 17/24 MP: 8/8
  2100 | D:2      | Reached skill level 1 in Conjurations
  2161 | D:2      | Found a burning altar of Makhleb.
  2436 | D:2      | Found an ornate altar of the Wu Jian Council.
  2957 | D:3      | Reached skill level 5 in Earth Magic
  3199 | D:3      | Found a shimmering altar of Xom.
  3217 | D:3      | Slain by a gnoll

Illustrated notes

Levels and vault maps discovered:
D:1:      dpeg_arrival_stonehenge_8_columns, layout_basic,
          grunt_decor_resistance, minivault_23, minmay_heptomino_o4
D:2:      layout_loops_ring, marbit_many_paths, nicolae_overflow_hidden_temple,
          lemuel_crystal_altar, minmay_misc_feat_square, kennysheep_nondescript
D:3:      layout_basic, old_standard_altar

Skill      XL: |  1  2  3  4 |
---------------+-------------+-----
Earth Magic    | 4 5 |  5.0
Spellcasting   | 3 |  3.2
Conjurations   | 1 |  1.5
Dodging        | |  1.5
Stealth        | |  2.1
Transmutations | |  0.7

Action                   |  1- 3 |  4- 6 || total
-------------------------+-------+-------++-------
Melee: Dagger            |   157 |    54 ||   211
 Cast: Sandblast         |    22 |     6 ||    28
       Stone Arrow       |     5 |     6 ||    11
  Use: Scroll            |     4 |     3 ||     7
 Stab: Sleeping          |     2 |     2 ||     4
Armor: Robe              |    75 |    21 ||    96
Dodge: Dodged            |   151 |    31 ||   182

Table legend: (Time is in decaauts)
 A = Elapsed time spent in this place.
 B = Non-inter-level travel time spent in this place.
 C = Inter-level travel time spent in this place.
 D = Time resting spent in this place.
 E = Time spent auto-exploring this place.
 F = Levels seen in this place.
 G = Mean time per level.
                   A        B        C        D        E       F      G
               +--------+--------+--------+--------+--------+-----+--------+
         Total |   3215 |   3056 |    159 |   1015 |   1429 |   3 | 1071.7 |
       Dungeon |   3215 |   3056 |    159 |   1015 |   1429 |   3 | 1071.7 |
               +--------+--------+--------+--------+--------+-----+--------+

Top non-repeatable levels by time:
     D:2: 1603 daAuts
     D:1: 1300 daAuts
     D:3: 311 daAuts
